[Event "Early-Titled-Tuesday-Blitz-June-18-2024"]
[Site "Chess.com"]
[Date "2024.06.18"]
[Round "4"]
[White "GP9isback23"]
[Black "CristhianPortalR"]
[Result "0-1"]
[WhiteElo "2677"]
[BlackElo "2507"]
[TimeControl "180+1"]
[EndTime "8:41:12 PDT"]
[Termination "CristhianPortalR won on time"]

1. d4 d5 2. Nf3 Nf6 3. c4 c6 4. e3 Bf5 5. Bd3 Bxd3 6. Qxd3 e6 7. O-O Nbd7 8. Nc3 Be7 9. e4 dxe4 10. Nxe4 c5 11.
Rd1 cxd4 12. Qxd4 O-O 13. Ng3 Qc7 14. Bf4 Qc5 15. Qc3 Rac8 16. Rac1 Nb6 17. Be3 Qxc4 18. Qa5 Qa6 19. Qxa6 bxa6 20. Ne5 Nfd5 21. Nc6 Bf6 22. Nxa7 Rxc1 23. Bxc1 Ra8 24. Nc6 Rc8 25.
Na5 Rc2 26. Ne4 Bxb2 27. Be3 Nc4 28. Nxc4 Rxc4 29. Nd2 Rc2 30. Ne4 h6 31. h3 f5 32.
Nd2 Bc3 33. Nb3 Rxa2 34. Nc5 Kf7 35. Rb1 Rb2 36. Rxb2 Bxb2 37. Nxa6 Nxe3 38. fxe3 Ba3 0-1

[Event "Early-Titled-Tuesday-Blitz-June-18-2024"]
[Site "Chess.com"]
[Date "2024.06.18"]
[Round "4"]
[White "BlackBoarder"]
[Black "IndianSchoolOfSuffering"]
[Result "1/2-1/2"]
[WhiteElo "2728"]
[BlackElo "2514"]
[TimeControl "180+1"]
[EndTime "8:41:12 PDT"]
[Termination "Game drawn - insufficient material"]

1. d4 Nf6 2. Nc3 c5 3. d5 a6 4. e4 d6 5. a4 g6 6. h4 Bg7 7. Be2 e5 8. dxe6 Bxe6 9. h5 O-O 10. h6 Bh8 11. Nf3 Nc6 12. O-O Re8 13. Bf4 d5 14. exd5 Nxd5 15. Nxd5 Qxd5 16. c3 Rad8 17. Qxd5 Bxd5 18.
Rfe1 Bf6 19. Bc7 Rd7 20. Bb6 Rde7 21. Bf1 Rxe1 22. Rxe1 Rxe1 23. Nxe1 Be7 24. Nc2 Bb3 25. Ne3 Bxa4 26. Nd5 Bf8 27. Nf6+ Kh8 28. Nd7 Bxh6 29. Nxc5 Bc2 30. Nxb7 Bc1 31. b4 Bd2 32. Bxa6 Bxc3 33. b5 Nd4 34. Nd6 Kg8 35. Bc5 Bd3 36. f3 Ne6 37. Be3 Bb4 38. Ne4 Nc7 39. Nf6+ Kf8 40. Nxh7+ Ke7 41. Ng5 Nxa6 42. bxa6 Bxa6 43. Ne4 Bb7 44.
Bc5+ Bxc5+ 45. Nxc5 Bc6 46. Nd3 f5 47. Kf2 Kf6 48. Ke3 g5 49. g3 f4+ 50. gxf4 gxf4+ 51. Kxf4 Bxf3 1/2-1/2

[Event "Early-Titled-Tuesday-Blitz-June-18-2024"]
[Site "Chess.com"]
[Date "2024.06.18"]
[Round "4"]
[White "Eagle_2019"]
[Black "AnishOnYoutube"]
[Result "0-1"]
[WhiteElo "2855"]
[BlackElo "3066"]
[TimeControl "180+1"]
[EndTime "8:41:13 PDT"]
[Termination "AnishOnYoutube won on time"]

1. d4 d5 2. Nf3 Nf6 3. c4 c6 4. Nc3 dxc4 5. e4 b5 6. Be2 e6 7.
O-O a5 8. a4 b4 9. e5 Nd5 10. Ne4 Ba6 11. Bg5 f6 12. exf6 gxf6 13. Bh4 Be7 14. Nfd2 c3 15. Bh5+ Kd7 16. bxc3 bxc3 17.
Nb3 Bxf1 18. Nbc5+ Bxc5 19. Nxc5+ Kc8 20. Kxf1 Nb4 21.
Bg4 N8a6 22. Nxe6 Qe7 23. d5 cxd5 24. Nf4+ Kb8 25. Nxd5 Qc5 26. Bxf6 c2 27. Qd2 Re8 28. Qf4+ Kb7 29. Nxb4 Nxb4 30. Bf3+ Ka6 31. Bxa8 Nd3 32. Qd2 Qc4 33. Kg1 Rxa8 0-1

[Event "Early-Titled-Tuesday-Blitz-June-18-2024"]
[Site "Chess.com"]
[Date "2024.06.18"]
[Round "4"]
[White "YurasovMat-2012"]
[Black "Lestofante90"]
[Result "0-1"]
[WhiteElo "2624"]
[BlackElo "2968"]
[TimeControl "180+1"]
[EndTime "8:41:14 PDT"]
[Termination "Lestofante90 won by resignation"]

1. e4 c6 2. Nf3 d5 3. Nc3 dxe4 4. Nxe4 Nf6 5. Nxf6+ exf6 6. d4 Bd6 7. Bd3 O-O 8.
O-O Bg4 9. h3 Bh5 10. c3 Nd7 11. Be3 Re8 12. Re1 Qc7 13. a3 b5 14. a4 Rab8 15.
axb5 cxb5 16. Be2 a5 17. Nd2 Bg6 18. Nf1 a4 19. Bd3 Qc6 20. Ng3 Nb6 21. Nf5 Bxf5 22. Bxf5 Nc4 23. Qc2 g6 24. Bd3 f5 25. b3 axb3 26. Qxb3 f4 27. d5 Qxd5 28. Bd4 f3 29.
g3 Bc5 30. Rxe8+ Rxe8 31. Bxc4 bxc4 32. Qb5 Rc8 33. Ra5 Qe6 34. Qxc5 Rxc5 35. Bxc5 Qxh3 36.
Ra8+ Kg7 37. Bf8+ Kf6 38. Ra6+ Kf5 39. Ra5+ Ke4 0-1

[Event "Early-Titled-Tuesday-Blitz-June-18-2024"]
[Site "Chess.com"]
[Date "2024.06.18"]
[Round "4"]
[White "GMT4114"]
[Black "FMalexhdez"]
[Result "0-1"]
[WhiteElo "1940"]
[BlackElo "2297"]
[TimeControl "180+1"]
[EndTime "8:41:14 PDT"]
[Termination "FMalexhdez won on time"]

1. e4 c5 2. Nc3 d6 3. d4 cxd4 4. Qxd4 Nc6 5. Qd2 Bd7 6. b3 e6 7. Bb2 Nf6 8. O-O-O a6 9. f3 Qc7 10. Nge2 Be7 11. Kb1 O-O-O 12. Nc1 Kb8 13. Qe3 Rc8 14. Bd3 Ne5 15. Be2 h5 16. Nd3 Bc6 17. Nxe5 dxe5 18.
Rd2 Rhd8 19. Rhd1 g6 20. Rxd8 Rxd8 21. Rxd8+ Qxd8 22. Qd3 Qd4 23. Nd1 Qxd3 24. Bxd3 Bd6 25. Ne3 Bc7 26. a4 h4 27. h3 Nh5 28. Bf1 b5 29. axb5 Bxb5 30. c4 Bc6 31. Ng4 f6 32.
Ne3 Bb6 33. Nd1 Bd4 34. Kc2 Nf4 35. Nc3 Kc7 36. Ne2 Bxb2 37. Kxb2 Nd3+ 38. Kc3 Nc5 39.
Nc1 a5 40. Nd3 Na6 41. Be2 Kb6 42. Bf1 Nc5 43. Nf2 f5 44. Bd3 g5 45. exf5 exf5 46. Bxf5 a4 47. bxa4 Nxa4+ 0-1

[Event "Early-Titled-Tuesday-Blitz-June-18-2024"]
[Site "Chess.com"]
[Date "2024.06.18"]
[Round "4"]
[White "bangchess21"]
[Black "Polish_fighter3000"]
[Result "0-1"]
[WhiteElo "2768"]
[BlackElo "3074"]
[TimeControl "180+1"]
[EndTime "8:41:16 PDT"]
[Termination "Polish_fighter3000 won by resignation"]

1. e4 e5 2. Nf3 Nc6 3. Nc3 g6 4. d4 exd4 5. Nxd4 Bg7 6. Be3 Nf6 7. Nxc6 bxc6 8. e5 Ng8 9. f4 d6 10. Bc4 Nh6 11. Qf3 O-O 12. h3 Nf5 13. O-O-O Nxe3 14. Qxe3 a5 15. g4 a4 16. a3 Re8 17. Rhf1 Qe7 18.
Kb1 dxe5 19. f5 Kh8 20. Ne4 f6 21. h4 Rb8 22. Ka2 Rf8 23. Rd2 Bd7 24. fxg6 Bxg4 25. h5 h6 26. Nc5 f5 27. Rd7 Qf6 28. Qg3 e4 29. c3 Bxh5 30. Ne6 Rg8 31. Qxc7 Rxb2+ 32. Ka1 Qxc3 0-1

[Event "Early-Titled-Tuesday-Blitz-June-18-2024"]
[Site "Chess.com"]
[Date "2024.06.18"]
[Round "4"]
[White "Szachulec75"]
[Black "DontMessWithTheFish"]
[Result "1-0"]
[WhiteElo "2246"]
[BlackElo "2634"]
[TimeControl "180+1"]
[EndTime "8:41:16 PDT"]
[Termination "Szachulec75 won by checkmate"]

1. Nf3 g6 2. g3 Bg7 3. Bg2 d6 4. d3 c5 5. O-O Nc6 6. e4 Nf6 7. Nc3 O-O 8. Bg5 h6 9. Be3 Rb8 10. h3 b5 11. Qd2 Kh7 12. Nd1 b4 13. Nh4 d5 14. exd5 Nxd5 15. Bxc5 Be6 16. Ne3 Bxb2 17.
Rab1 Bc3 18. Qe2 Rc8 19. Nxd5 Bxd5 20. Nf3 Bxa2 21. Ra1 Bxa1 22. Rxa1 Bd5 23. Be3 Qd6 24. Ra6 Qf6 25. d4 e6 26. Ne5 Nxe5 27. Bxd5 Nd7 28.
Be4 Nb6 29. Rxa7 Nd5 30. Rd7 Rfd8 31. Ra7 Nxe3 32. fxe3 Kg7 33. Kg2 Rc3 34. Bd3 e5 35. dxe5 Qxe5 36. Qg4 Qc5 37. Qxg6+ Kf8 38. Qxf7# 1-0

[Event "Early-Titled-Tuesday-Blitz-June-18-2024"]
[Site "Chess.com"]
[Date "2024.06.18"]
[Round "4"]
[White "GelmanAlexander"]
[Black "Chaubunagungamaug1"]
[Result "0-1"]
[WhiteElo "2644"]
[BlackElo "2488"]
[TimeControl "180+1"]
[EndTime "8:41:16 PDT"]
[Termination "Chaubunagungamaug1 won by resignation"]

1. c4 c6 2. Nf3 d5 3. b3 Nf6 4.
Bb2 Bf5 5. d3 e6 6. Nbd2 Nbd7 7.
a3 h6 8. h3 Bd6 9. g4 Bh7 10.
Rg1 e5 11. h4 e4 12. g5 hxg5 13. hxg5 exf3 14. gxf6 Nxf6 15. Rxg7 Bg6 16. Nxf3 Kf8 17.
Rxg6 fxg6 18. Qd2 Qe7 19. Qg5 Kf7 20. O-O-O Rh5 21. Qd2 Bxa3 22. Ng5+ Kg7 23. f4 Re8 24. e4 d4 25. Bh3 Reh8 26. e5 Ne8 27. Qg2 a5 28.
Rg1 R8h6 29. Ne6+ Kh8 30. f5 Rxh3 31. Qg4 Bxb2+ 32. Kxb2 Rh2+ 33. Kb1 Qa3 34. Rg2 Rh1+ 35. Rg1 R6h2 36. Qxd4 Qa2+ 0-1

[Event "Early-Titled-Tuesday-Blitz-June-18-2024"]
[Site "Chess.com"]
[Date "2024.06.18"]
[Round "4"]
[White "Kirill_Klukin"]
[Black "GeorgiosSouleidis"]
[Result "1-0"]
[WhiteElo "2880"]
[BlackElo "2697"]
[TimeControl "180+1"]
[EndTime "8:41:17 PDT"]
[Termination "Kirill_Klukin won by resignation"]

1. e4 c5 2. d4 cxd4 3. Qxd4 Nc6 4. Qd3 Nf6 5. Nc3 e6 6. Nf3 d6 7. Be2 Be7 8. O-O O-O 9. Bf4 h6 10. Rad1 e5 11. Be3 Be6 12. a3 a6 13. Nd2 Qc7 14. Nd5 Bxd5 15. exd5 Nb8 16. f4 exf4 17. Rxf4 Nfd7 18. Rdf1 Bf6 19. c3 Bg5 20. R4f2 Ne5 21. Qd4 Bxe3 22. Qxe3 Nbd7 23. Ne4 Rae8 24. Qd4 Re7 25. Ng3 g6 26. Qh4 Nb6 27. Qxh6 Nxd5 28. Ne4 Ng4 29. Bxg4 Rxe4 30. Rxf7 Qxf7 31. Rxf7 Kxf7 32.
Bf3 Re5 33. Qh7+ Kf6 34. Qxb7 Nf4 35. Qxa6 Re6 36. Qc4 g5 37. a4 Rfe8 38. h3 Ng6 39. Qd4+ Ke7 40. a5 Nh4 41. Qg7+ Kd8 42. Qxg5+ 1-0

[Event "Early-Titled-Tuesday-Blitz-June-18-2024"]
[Site "Chess.com"]
[Date "2024.06.18"]
[Round "4"]
[White "ab-lsv"]
[Black "Kislov_Oleg"]
[Result "0-1"]
[WhiteElo "2355"]
[BlackElo "2534"]
[TimeControl "180+1"]
[EndTime "8:41:17 PDT"]
[Termination "Kislov_Oleg won on time"]

1. d4 d5 2. c4 e6 3. Nc3 Nf6 4.
Bg5 Be7 5. Nf3 O-O 6. e3 Nbd7 7. Qc2 dxc4 8. Bxc4 a6 9. O-O b5 10. Bd3 c5 11.
Rfd1 Qb6 12. a4 b4 13. a5 Qa7 14. Ne4 h6 15. Bf4 Bb7 16. dxc5 Nxe4 17. Bxe4 Nxc5 18.
Bxb7 Qxb7 19. Bd6 Rac8 20. Bxe7 Qxe7 21. Qe2 Qb7 22. Rac1 Nb3 23. Rxc8 Rxc8 24. Ne5 Nxa5 25.
h4 Qb5 26. Qxb5 axb5 27. Rd7 f6 28. Ng6 Rc1+ 29. Kh2 h5 30. Nf4 Rc2 31. Kg3 Rxb2 32. Nxe6 b3 33. Rxg7+ Kh8 34. Kf4 Rxf2+ 35. Ke4 b2 0-1

[Event "Early-Titled-Tuesday-Blitz-June-18-2024"]
[Site "Chess.com"]
[Date "2024.06.18"]
[Round "4"]
[White "Casper"]
[Black "eltenedor"]
[Result "1-0"]
[WhiteElo "2464"]
[BlackElo "2133"]
[TimeControl "180+1"]
[EndTime "8:41:17 PDT"]
[Termination "Casper won on time"]

1. e4 b6 2. d3 Bb7 3. g3 g6 4. Bg2 Bg7 5. c3 f5 6. f3 fxe4 7. fxe4 Nf6 8. Nf3 O-O 9. O-O e6 10. Qe2 Nc6 11. a4 a5 12. Nbd2 Ba6 13. c4 e5 14. Nb1 d6 15. Bg5 h6 16. Bd2 Nb4 17. Nc3 c6 18. Bh3 Bc8 19. Bxc8 Qxc8 20. Nh4 Kh7 21. Kg2 Nc2 22. Rad1 Nd4 23. Qe1 Nc2 24. Qe2 Nd4 25. Qe1 Nc2 26. Qf2 Nxe4 27. Qxb6 Nxd2 28. Rxf8 Qxf8 29. Rxd2 Rb8 30. Qa7 Rxb2 31.
Qf2 Qxf2+ 32. Kxf2 e4 33. Nxe4 Bd4+ 34. Ke2 Nb4 35.
Rxb2 Bxb2 36. Nxd6 Nc2 37. Nf3 Nd4+ 38. Nxd4 Bxd4 39.
Nb7 Bc3 40. d4 Kg7 41. Kd3 Bb4 42. Nd8 c5 43. Ne6+ Kf6 44. Nxc5 Bxc5 45. dxc5 Ke7 46. Ke4 Kd7 47. Kd5 1-0

[Event "Early-Titled-Tuesday-Blitz-June-18-2024"]
[Site "Chess.com"]
[Date "2024.06.18"]
[Round "4"]
[White "RandomNoob04"]
[Black "TitarovVasiliYouTube"]
[Result "0-1"]
[WhiteElo "2811"]
[BlackElo "2602"]
[TimeControl "180+1"]
[EndTime "8:41:18 PDT"]
[Termination "TitarovVasiliYouTube won by resignation"]

1. e4 Nf6 2. e5 Nd5 3. Qf3 e6 4. Nc3 c6 5. Ne4 d6 6. c4 Nb4 7.
Qc3 dxe5 8. a3 Qd4 9. axb4 Qxe4+ 10. Ne2 Na6 11. d3 Qg6 12. c5 Be7 13. Ng3 O-O 14. Be2 f5 15. O-O f4 16. Ne4 f3 17. Bxf3 Rxf3 18.
Qxe5 Nxb4 19. Qc7 Rf7 20. Ra3 Bxc5 21. Qd8+ Bf8 22. Re1 Nd5 23. Nc5 Qf6 24. Qxf6 gxf6 25. Ne4 Bxa3 26. bxa3 Bd7 27. Nd6 Rg7 28. Nxb7 Rb8 29.
Nc5 e5 30. Bh6 Rf7 31. f4 Nxf4 32. d4 Ne6 33. Ne4 Nxd4 34. Nd6 Re7 35. Ne4 Kf7 36.
Rf1 Bf5 37. Ng3 Kg6 38. Be3 Rb1 39. Rxb1 Bxb1 40. h4 Nf5 41. h5+ Kf7 42. Nxf5 Bxf5 0-1

[Event "Early-Titled-Tuesday-Blitz-June-18-2024"]
[Site "Chess.com"]
[Date "2024.06.18"]
[Round "4"]
[White "manitodeplomo"]
[Black "DominguezOnYoutube"]
[Result "0-1"]
[WhiteElo "2651"]
[BlackElo "2912"]
[TimeControl "180+1"]
[EndTime "8:41:19 PDT"]
[Termination "DominguezOnYoutube won on time"]

1. d4 Nf6 2. c4 e6 3. Nf3 d5 4. Nc3 Bb4 5. Qa4+ Nc6 6. e3 O-O 7. Bd2 dxc4 8. Bxc4 Bd6 9. Nb5 Bd7 10. Qc2 e5 11. Nxd6 cxd6 12. dxe5 dxe5 13. Rd1 Qe7 14. Bc3 Rac8 15. O-O Bg4 16. h3 Bh5 17. Qf5 Rfe8 18. Rd2 Bg6 19. Qg5 Ne4 20. Qxe7 Nxe7 21. Nxe5 Nxd2 22. Bxd2 Red8 23. Bc3 Nc6 24. Nxg6 hxg6 25.
g4 a6 26. a4 Ne7 27. Bb3 Nd5 28. Bd4 Nf4 29. Kh2 Ne6 30. Bc3 Nc5 31. Bc2 b5 32. axb5 axb5 33. Kg2 Nd3 34. Bxd3 Rxd3 35. Ra1 Rd7 36.
Kf3 f6 37. Ke2 Kf7 38. Ra6 Rb7 39. Bd4 Rh8 40. g5 fxg5 0-1

[Event "Early-Titled-Tuesday-Blitz-June-18-2024"]
[Site "Chess.com"]
[Date "2024.06.18"]
[Round "4"]
[White "ozates"]
[Black "vugarrasulov"]
[Result "0-1"]
[WhiteElo "2626"]
[BlackElo "2971"]
[TimeControl "180+1"]
[EndTime "8:41:19 PDT"]
[Termination "vugarrasulov won by resignation"]

1. e4 a6 2. d4 b5 3. Nf3 Bb7 4. Bd3 e6 5. O-O Nf6 6. Qe2 d5 7. e5 Nfd7 8. c3 c5 9. a4 c4 10.
Bc2 Be7 11. Bf4 Nc6 12. Nbd2 b4 13. g3 g5 14. Be3 h5 15. h3 a5 16. Nh2 b3 17. Bb1 Nb6 18. f4 gxf4 19. Rxf4 Qc7 20.
Qf2 O-O-O 21. Rxf7 Rdf8 22. Bg6 Qd7 23. Bxh5 Rxf7 24.
Bxf7 Rxh3 25. Kg2 Rh8 26. Ng4 Nd8 27. Rf1 Rf8 28. Nh6 Nxa4 29. Qe2 Nb6 30. g4 Bh4 31. Bh5 Rxf1 32. Qxf1 Qg7 33. Nf3 Be7 34. g5 a4 35.
g6 Nd7 36. Nh2 Nxe5 37. dxe5 d4+ 38. Bf3 Qxg6+ 39. N6g4 Bxf3+ 40. Qxf3 dxe3 41. Qa8+ Kd7 42. Qxa4+ Nc6 43. Qxc4 Qc2+ 44. Kf3 Qxb2 45. Qd3+ Kc7 46. Qxe3 Qc2 0-1

[Event "Early-Titled-Tuesday-Blitz-June-18-2024"]
[Site "Chess.com"]
[Date "2024.06.18"]
[Round "4"]
[White "BirdMaster3000"]
[Black "ninguno46"]
[Result "1-0"]
[WhiteElo "2777"]
[BlackElo "2561"]
[TimeControl "180+1"]
[EndTime "8:41:19 PDT"]
[Termination "BirdMaster3000 won by resignation"]

1. f4 d5 2. Nf3 g6 3. e3 Bg7 4. c4 c6 5. cxd5 cxd5 6. d4 Bg4 7. Nc3 e6 8. Qb3 Bxf3 9. gxf3 Ne7 10. Qxb7 Nbc6 11.
Bb5 Rc8 12. Qxa7 O-O 13. Qa4 Na5 14. O-O Nf5 15. Qc2 Nc4 16. Qf2 Qb6 17. Kh1 Bf6 18.
a4 Bh4 19. Qe2 Na5 20. Ra3 Nd6 21. b4 Nac4 22. Rb3 Nxb5 23. Nxb5 Ra8 24. Nc3 Rfb8 25. Bd2 Be7 26. Rfb1 Qc6 27. b5 Qc7 28. Be1 Na5 29.
b6 Qd7 30. Rb5 Nc4 31. e4 Ra6 32. exd5 Raxb6 33. dxe6 Qxe6 34. Qxe6 fxe6 35. Rxb6 Rxb6 36. Rxb6 Nxb6 37. a5 Na8 38. a6 Bb4 39. Kg2 Bxc3 40. Bxc3 Kf7 41. Ba5 Ke7 42. Kg3 Kd7 43. Kg4 Kc6 44. Kg5 Kb5 45. Bd8 Kxa6 46. Kh6 Kb5 47. Kxh7 Kc6 48. Kxg6 Kd7 49. Ba5 1-0

[Event "Early-Titled-Tuesday-Blitz-June-18-2024"]
[Site "Chess.com"]
[Date "2024.06.18"]
[Round "4"]
[White "19912131712118"]
[Black "unkiyto"]
[Result "0-1"]
[WhiteElo "2435"]
[BlackElo "2704"]
[TimeControl "180+1"]
[EndTime "8:41:19 PDT"]
[Termination "unkiyto won by resignation"]

1. e4 c5 2. Nf3 d6 3. d4 cxd4 4. Nxd4 Nf6 5. Nc3 a6 6. Bg5 Nbd7 7. f4 e5 8. Nf5 Qb6 9. Qd2 Qxb2 10. Rb1 Qa3 11.
Be2 h6 12. Bh4 g6 13. Ne3 Bg7 14. Nc4 Qc5 15. Nxd6+ Kf8 16. Bf2 Qc7 17. O-O b5 18. fxe5 Nxe5 19. Ndxb5 axb5 20. Nxb5 Qe7 21. Nd6 Kg8 22.
Kh1 Kh7 23. Bc5 Rd8 24. Qb4 Nc6 25. Nxc8 Qe6 26. Qb5 Raxc8 27. Bc4 Qe5 28. Bxf7 Nxe4 29. Bb6 Rd2 30. Qxe5 Nxe5 31. Bb3 Nc4 32. Ba7 Re2 33. Bg1 Ncd2 34. Rbe1 Nxf1 35. Rxe2 Neg3+ 36. hxg3 Nxg3+ 37. Kh2 Nxe2 38. Be3 Nd4 39. Be6 Nxe6 0-1

[Event "Early-Titled-Tuesday-Blitz-June-18-2024"]
[Site "Chess.com"]
[Date "2024.06.18"]
[Round "4"]
[White "DonCiao"]
[Black "sleeping_in_the_fire"]
[Result "0-1"]
[WhiteElo "2101"]
[BlackElo "2464"]
[TimeControl "180+1"]
[EndTime "8:41:19 PDT"]
[Termination "sleeping_in_the_fire won on time"]

1. c4 Nf6 2. g3 e5 3. Bg2 Nc6 4. Nc3 Bb4 5. Nd5 O-O 6. Nf3 Bd6 7. O-O Nxd5 8. cxd5 Ne7 9. d4 e4 10. Ng5 f5 11. f3 exf3 12. Bxf3 b6 13. e4 fxe4 14. Bxe4 h6 15. Bh7+ Kh8 16. Nf7+ Rxf7 17. Rxf7 Kxh7 18. Qg4 Qg8 19. Qe4+ Kh8 20. Rxe7 Bxe7 21. Qxe7 Qxd5 22. Bxh6 gxh6 23. Qf8+ Kh7 24. Qe7+ Kg6 25. Qe8+ Kg5 26. Qe3+ Kh5 27. Qe2+ Kg6 28. Qe8+ Kg7 29. Qe7+ Qf7 30. Qe5+ Qf6 31. Qe4 Rb8 32. Rf1 Bb7 33. Qg4+ Qg6 34. Qxd7+ Kh8 0-1

[Event "Early-Titled-Tuesday-Blitz-June-18-2024"]
[Site "Chess.com"]
[Date "2024.06.18"]
[Round "4"]
[White "abelmat"]
[Black "Resignify"]
[Result "0-1"]
[WhiteElo "2034"]
[BlackElo "2310"]
[TimeControl "180+1"]
[EndTime "8:41:20 PDT"]
[Termination "Resignify won by checkmate"]

1. d4 Nf6 2. c4 e6 3. Nf3 Bb4+ 4.
Nc3 c5 5. e3 cxd4 6. exd4 d5 7.
Qa4+ Nc6 8. a3 Bxc3+ 9. bxc3 a6 10. Qc2 dxc4 11. Bxc4 h6 12. O-O O-O 13. Bf4 b5 14. Bd3 Bb7 15. h3 Rc8 16. Rfe1 Nd5 17. Bg3 Na5 18. Qd2 Nb3 19. Qb2 Nxa1 20. Rxa1 Rxc3 21. Be4 Qa5 22. Bd6 Rfc8 23. Bxd5 Bxd5 24. Bb4 Qc7 25.
Bxc3 Qxc3 26. Qxc3 Rxc3 27. Ne5 f6 28. Ng6 Rd3 29.
Rc1 Kf7 30. Nf4 Rxd4 31. Rc7+ Kf8 32. Ng6+ Kg8 33. h4 h5 34. Ne7+ Kh7 35. g3 Rd1+ 36. Kh2 Rh1# 0-1

[Event "Early-Titled-Tuesday-Blitz-June-18-2024"]
[Site "Chess.com"]
[Date "2024.06.18"]
[Round "4"]
[White "pfalcon1949"]
[Black "ChessSwole"]
[Result "0-1"]
[WhiteElo "1798"]
[BlackElo "2703"]
[TimeControl "180+1"]
[EndTime "8:41:21 PDT"]
[Termination "ChessSwole won by checkmate"]

1. e4 e5 2. Nf3 Nc6 3. Nc3 Nf6 4. Nxe5 Nxe5 5. d4 Ng6 6. e5 Ng8 7. Bc4 d5 8. Bxd5 c6 9. Bb3 Bb4 10. O-O Bxc3 11. bxc3 N8e7 12. f4 Be6 13. g4 Bxb3 14. axb3 Qb6 15. f5 Nxe5 16. Qe2 Nd7 17. Ba3 c5 18. Rae1 O-O-O 19. Qxe7 cxd4 20. c4 d3+ 21. c5 Qa6 22. cxd3 Qxa3 23. Ra1 Qb2 24. Rxa7 Qd4+ 25.
Kh1 Qd5+ 26. Kg1 Qxc5+ 27. Qxc5+ Nxc5 28. f6 g6 29. Rc1 Kb8 30. Ra3 Nxd3 31. Rca1 Rhe8 32.
g5 Re1+ 33. Rxe1 Nxe1 34. Kf1 Nf3 35. h4 Nxh4 36. b4 Nf5 37. Rh3 Rd4 38. b5 Nd6 39. b6 Kc8 40. Rh4 Rxh4 41. Kg2 Rf4 42. Kg3 Rf5 43.
Kg4 Ne4 44. Kh3 Rxg5 45. Kh2 Kd7 46. Kh1 Ke6 47. Kh2 Kf5 48. Kh1 Kf4 49. Kh2 Kf3 50.
Kh1 Kf2 51. Kh2 Rh5# 0-1

[Event "Early-Titled-Tuesday-Blitz-June-18-2024"]
[Site "Chess.com"]
[Date "2024.06.18"]
[Round "4"]
[White "ejalmedina"]
[Black "Kotofeyca"]
[Result "0-1"]
[WhiteElo "2296"]
[BlackElo "2488"]
[TimeControl "180+1"]
[EndTime "8:41:21 PDT"]
[Termination "Kotofeyca won on time"]

1. d4 d5 2. c4 c6 3. Nc3 Nf6 4. e3 a6 5. Nf3 Bg4 6. Qb3 b5 7. cxd5 Bxf3 8. gxf3 cxd5 9. a4 bxa4 10. Qxa4+ Nbd7 11. Bxa6 e6 12. Bd2 Bd6 13. b4 O-O 14. b5 e5 15. Ne2 Nb6 16. Qb3 Re8 17. O-O Nh5 18. Bb4 Bb8 19. dxe5 Bxe5 20. Bc3 Qg5+ 21.
Kh1 Qf5 22. f4 Qe4+ 23. Kg1 Bxf4 24. Nxf4 Nxf4 25. exf4 Re6 26. f3 Rg6+ 27. Kh1 Qxf4 28. Ba5 Nc4 29. Bb4 Ne3 30. Rf2 Nf5 31. Rg1 Rh6 32.
Bb7 Ng3+ 33. Rxg3 Qxg3 34. Rg2 Qf4 35. Bxa8 Qc1+ 36. Rg1 Qf4 0-1

[Event "Early-Titled-Tuesday-Blitz-June-18-2024"]
[Site "Chess.com"]
[Date "2024.06.18"]
[Round "4"]
[White "UnTucopalaTimba"]
[Black "Nechitaylo_Nikita"]
[Result "0-1"]
[WhiteElo "2087"]
[BlackElo "2332"]
[TimeControl "180+1"]
[EndTime "8:41:21 PDT"]
[Termination "Nechitaylo_Nikita won by resignation"]

1. e4 c5 2. Nf3 Nc6 3. c3 Nf6 4. e5 Nd5 5. d4 cxd4 6. cxd4 d6 7.
Bc4 Nb6 8. Bb5 dxe5 9. Nxe5 Bd7 10. Nxd7 Qxd7 11. O-O e6 12. Nc3 Be7 13. Re1 O-O 14. Be3 Bf6 15. Ne4 Qe7 16. Bxc6 bxc6 17. Qc2 Rac8 18. Nc5 Rfd8 19. Red1 Nd5 20. a3 Nxe3 21. fxe3 e5 22. Ne4 exd4 23. Nxf6+ Qxf6 24. Rf1 d3 25. Qd2 Qe5 26. Kh1 c5 27. b3 Rb8 28. Rab1 h6 29. Rf4 Qd5 30. b4 c4 31. Rc1 Rbc8 32. Rd4 Qe6 33. Rf4 Re8 34. e4 Qe5 35. g3 Red8 36.
Kg2 c3 37. Qe3 d2 38. Rd1 c2 39. Rxd2 Rxd2+ 40. Qxd2 c1=Q 0-1

[Event "Early-Titled-Tuesday-Blitz-June-18-2024"]
[Site "Chess.com"]
[Date "2024.06.18"]
[Round "4"]
[White "ulises2013"]
[Black "FabianoCaruana"]
[Result "0-1"]
[WhiteElo "2867"]
[BlackElo "3128"]
[TimeControl "180+1"]
[EndTime "8:41:22 PDT"]
[Termination "FabianoCaruana won by resignation"]

1. e4 c5 2. g3 Nc6 3. Bg2 g6 4.
Ne2 Bg7 5. O-O e5 6. c3 Nge7 7. d3 O-O 8. Be3 b6 9. d4 exd4 10. cxd4 Ba6 11. dxc5 Bxb2 12. Nbc3 Bxa1 13. Qxa1 bxc5 14.
Rd1 f6 15. Bxc5 Rc8 16. Nf4 Ne5 17. Bd6 Nc4 18. Bb4 Rf7 19. Ncd5 Nxd5 20. Nxd5 Bb7 21.
e5 Nxe5 22. Ne7+ Rxe7 23. Bxb7 Re6 24. Bd5 Qb6 25. Bc3 Kg7 26. Bd4 Qd6 27. Bxe6 Qxe6 28.
Bxe5 fxe5 29. f4 d6 30. Re1 Rc5 31. Qd1 h5 32. fxe5 dxe5 33. Qe2 Rd5 34. Qf2 Qb6 35.
Qxb6 axb6 36. Rb1 Rd6 37. Rb5 Kf6 38. a4 Kf5 39. a5 bxa5 40. Rxa5 Rd2 41. Ra3 Rb2 42.
h3 Rd2 43. Re3 e4 44. Re1 Ke5 45. Ra1 e3 46. Ra8 Ke4 47. Kf1 Kf3 48. Rf8+ Kxg3 49. Rg8 Rf2+ 50. Ke1 Rf6 51. Re8 Kxh3 0-1

[Event "Early-Titled-Tuesday-Blitz-June-18-2024"]
[Site "Chess.com"]
[Date "2024.06.18"]
[Round "4"]
[White "Caroexpert"]
[Black "Zhani-Z"]
[Result "0-1"]
[WhiteElo "2642"]
[BlackElo "2406"]
[TimeControl "180+1"]
[EndTime "8:41:23 PDT"]
[Termination "Zhani-Z won on time"]

1. d4 d5 2. c4 e6 3. Nc3 c5 4. cxd5 cxd4 5. Qa4+ Bd7 6. Qxd4 exd5 7. Qxd5 Nf6 8. Qd2 Bc5 9. Nf3 O-O 10. e3 Nc6 11.
Be2 Qe7 12. O-O Rfd8 13. Qc2 Rac8 14. a3 Ne5 15. b4 Bd6 16. Bb2 Nfg4 17. g3 Qf6 18.
Qe4 Qh6 19. h4 Bc6 20. Nxe5 Bxe4 21. Nxg4 Qe6 22. Nxe4 Qxe4 23. Bd4 h5 24. Nh2 Bxg3 25. fxg3 Rxd4 26. Bf3 Qxe3+ 27. Kh1 Rc2 28. Rae1 Qd2 29. Re8+ Kh7 30. Re2 Qxe2 31. Bxe2 Rxe2 32. Rxf7 Rd1+ 33. Nf1 Kg6 34. Rf4 Ree1 35. Kg2 Ra1 0-1

[Event "Early-Titled-Tuesday-Blitz-June-18-2024"]
[Site "Chess.com"]
[Date "2024.06.18"]
[Round "4"]
[White "GatoRojo150"]
[Black "SargissyanSargis"]
[Result "0-1"]
[WhiteElo "2623"]
[BlackElo "2429"]
[TimeControl "180+1"]
[EndTime "8:41:23 PDT"]
[Termination "SargissyanSargis won by resignation"]

1. e4 e5 2. Nf3 Nc6 3. Nc3 Nf6 4. Bb5 Bb4 5. O-O O-O 6. d4 exd4 7. Nd5 Nxd5 8.
exd5 Ne7 9. Qxd4 a5 10. Bd3 d6 11.
Qf4 Ng6 12. Qg3 Re8 13. h4 Ne5 14. Bg5 f6 15. Nxe5 dxe5 16. Bh6 Bf8 17. Rad1 Qd7 18. d6 cxd6 19. Bc4+ Kh8 20. a4 Qg4 21. Bb5 Qxg3 22. fxg3 Rd8 23. Be3 d5 24. Bb6 Bg4 25. Rd2 Rdc8 26.
Rxd5 Rxc2 27. Rf2 Rxf2 28. Kxf2 Be6 29. Rd2 Bb4 30. Rc2 Rc8 31. Re2 h5 32. Kf3 Bd5+ 33. Kf2 Bc5+ 34. Bxc5 Rxc5 35. Rd2 f5 36. Ke3 g6 37.
Be8 Kg7 38. Bb5 Kf6 39. Kf2 e4 40. Ke3 Ke5 41. Rd1 Rc2 42. Rd2 Rxd2 43. Kxd2 Kd4 44. Ke2 Bc4+ 45. Bxc4 Kxc4 46. Ke3 Kb3 47. g4 hxg4 48.
Kf4 Kxb2 49. h5 gxh5 0-1

[Event "Early-Titled-Tuesday-Blitz-June-18-2024"]
[Site "Chess.com"]
[Date "2024.06.18"]
[Round "4"]
[White "IMJonathanCarlstedt"]
[Black "Aradhya2000"]
[Result "1/2-1/2"]
[WhiteElo "2591"]
[BlackElo "2815"]
[TimeControl "180+1"]
[EndTime "8:41:26 PDT"]
[Termination "Game drawn by repetition"]

1. c4 e5 2. g3 h5 3. h4 d5 4.
cxd5 Qxd5 5. Nf3 Nc6 6. Nc3 Qd8 7. Bg2 Nf6 8. O-O Bg4 9. d4 exd4 10.
Nb5 Bc5 11. Bf4 Bb6 12. a4 a6 13. a5 axb5 14. axb6 Rxa1 15. bxc7 Rxd1 16. cxd8=Q+ Kxd8 17. Rxd1 Bxf3 18. Bxf3 Kc8 19. Bg5 Ng4 20. Bxc6 bxc6 21. Rxd4 Re8 22. f3 Ne3 23. Kf2 Nf5 24. Rd2 f6 25.
Bf4 Rd8 26. Rc2 Kb7 27. e4 Nd4 28. Rd2 Ne6 29. Rxd8 Nxd8 30. e5 f5 31. Be3 Ne6 32.
b4 Kc7 33. g4 g6 34. gxf5 gxf5 35. Ke2 Kd7 36. Kd3 Ke7 37. Bd2 Kf7 38. Be3 Kg7 39. Bd2 Kg6 40. Bc1 Kf7 41. Bd2 Ke7 42. Bc1 c5 43. bxc5 Nxc5+ 44. Ke3 Ke6 45. Ba3 Nd7 46.
f4 Kd5 47. Kd3 Nb6 48. Bb4 Na4 49. Ba3 Nb6 50. Bb4 Nc4 51. Bf8 Nb2+ 52. Kc2 Na4 53. Kd3 Nb6 54. Bb4 1/2-1/2